 Dungeon Crawl Stone Soup version 0.17-a0-896-g249456b (webtiles) character file.

55 jdilger the Charlatan (level 3, -7/26 HPs)
             Began as a Mummy Artificer on May 1, 2015.
             Killed by divine providence
             ... invoked by a deep elf priest
              (12 damage)
             ... on level 1 of the Dungeon.
             The game lasted 00:05:42 (6623 turns).

jdilger the Charlatan (Mummy Artificer)             Turns: 6623, Time: 00:05:42

Health: -7/26      AC:  2    Str: 14    XL:     3   Next: 67%
Magic:  5/5        EV: 12    Int: 11    God:
Gold:   117        SH:  0    Dex: 13    Spells: 0 memorised, 2 levels left

rFire  x . .     SeeInvis .     a - +0 short sword
rCold  + . .     Clarity  .     g - +0 robe
rNeg   + + +     SustAb   .     (no shield)
rPois  ∞         Gourm    .     (no helmet)
rElec  .         Spirit   .     (no cloak)
rCorr  .         Warding  .     (no gloves)
rMut   .         Stasis   .     (no boots)
MR     .....                    (no amulet)
Stlth  ++........               (no ring)
                                (no ring)

@: not resistant to hostile enchantments, unstealthy
A: no food or potions, fire vulnerability, cold resistance 1, negative energy
resistance 3, torment resistance, unbreathing
a: no special abilities


You were on level 1 of the Dungeon.
You were not hungry.

You visited 1 branch of the dungeon, and saw 1 of its levels.

You collected 117 gold pieces.

Inventory:

Hand weapons
 a - a +0 short sword (weapon)
Missiles
 f - 20 stones (quivered)
 h - 17 poisoned needles
Armour
 e - a +0 leather armour
 g - a +0 robe (worn)
Magical devices
 b - a wand of flame (15)
 c - a wand of enslavement (15)
 d - a wand of random effects (15)


   Skills:
 + Level 1.6 Fighting
 + Level 1.2 Short Blades
 + Level 0.2 Throwing
 + Level 0.7 Armour
 + Level 1.9 Dodging
 + Level 0.8 Stealth
 + Level 3.0 Evocations


You had 2 spell levels left.
You didn't know any spells.

Dungeon Overview and Level Annotations

Branches:
Dungeon (1/15)

Altars:


Innate Abilities, Weirdness & Mutations

You do not eat or drink.
Your flesh is vulnerable to fire.
You are immune to poison.
Your flesh is cold resistant.
You are immune to negative energy.
You are immune to unholy pain and torment.
You can survive without breathing.


Message History

The deep elf priest calls down the wrath of its god upon you.
You are unaffected.
The deep elf priest shoots an arrow.
The arrow misses you.
The deep elf priest shoots an arrow.
The arrow hits you!
You see here an arrow.
The deep elf priest shoots an arrow.
The arrow hits you.
You see here 4 fruits.
The deep elf priest shoots an arrow.
The arrow misses you.
The deep elf priest shoots an arrow.
The arrow misses you.
You see here a grey potion.
The deep elf priest shoots an arrow.
The arrow hits you.
You see here an arrow.
The deep elf priest shoots an arrow.
The arrow barely misses you.
You see here an arrow.
The deep elf priest invokes the aid of its god against you.
Something smites you!
* * * LOW HITPOINT WARNING * * *
The deep elf priest invokes the aid of its god against you.
Something smites you!
You die...

....####........# #..
.........####...####### #..
........## #.........#########..
.......## #####................
....#### ##.....#..######.. ##.##
#..##)###.# #.. )...# #.###..##.#
#.. ..#.##### #.# ##.##.######..
........#### #@# #..#.##..>...
.....##....## ##.# ##.#.........
......####..###..# #....###....
..#.........#...## ##....##..#..
####.........e#######........###.
##..............e..#....######
###...####.#######..........#
#....### #..### #.)#####.#.#
#.##...# ##.(.####.....##.###


You could see a deep elf priest.

Vanquished Creatures
  An adder (D:1)
  An ooze (D:1)
  2 giant geckos (D:1)
  6 giant cockroaches (D:1)
  4 hobgoblins (D:1)
  8 kobolds (D:1)
  6 bats (D:1)
  3 giant newts (D:1)
  4 goblins (D:1)
  3 rats (D:1)
38 creatures vanquished.

Notes
Turn   | Place    | Note
--------------------------------------------------------------
     0 | D:1      | jdilger, the Mummy Artificer, began the quest for the Orb.
     0 | D:1      | Reached XP level 1. HP: 15/15 MP: 2/2
   369 | D:1      | Reached XP level 2. HP: 19/21 MP: 4/4
   397 | D:1      | Reached skill level 1 in Short Blades
   880 | D:1      | Reached skill level 3 in Evocations
  1027 | D:1      | Reached XP level 3. HP: 26/26 MP: 5/5
  6542 | D:1      | Noticed a deep elf priest
  6623 | D:1      | Killed from afar by a deep elf priest

Action                   || total
-------------------------++-------
Melee: Short sword       ||   156
Throw: Stone             ||    82
 Stab: Sleeping          ||     1
